 Dungeon Crawl Stone Soup version 0.21-a0-471-gd587bd5 (webtiles) character file.

21 kae the Digger (level 2, -1/15 HPs)
             Began as a Gargoyle Earth Elementalist on Nov 21, 2017.
             Slain by an orc
             ... wielding a +1 vampiric war axe
              (4 damage)
             ... on level 2 of the Dungeon.
             The game lasted 00:00:55 (1528 turns).

kae the Digger (Gargoyle Earth Elementalist)        Turns: 1528, Time: 00:00:56

Health: -1/15      AC:  5    Str: 11    XL:     2   Next: 83%
Magic:  0/5        EV: 12    Int: 15    God:
Gold:   123        SH:  0    Dex: 10    Spells: 5/6 levels left

rFire    . . .     SeeInvis .   j - +0 club
rCold    . . .     Gourm    .   (no shield)
rNeg     + . .     Faith    .   c - +0 robe
rPois    ∞         Spirit   .   (no helmet)
rElec    +         Reflect  .   (no cloak)
rCorr    .         Harm     .   (no gloves)
MR       .....                  o - +0 pair of boots
Stlth    ++........             (no amulet)
HPRegen  0.05/turn              (no ring)
MPRegen  0.09/turn              (no ring)

@: no status effects
A: negative energy resistance 1, electricity resistance, unbreathing,
petrification resistance, rot immunity, AC +2
a: no special abilities


You were on level 2 of the Dungeon.
You were very hungry.

You visited 1 branch of the dungeon, and saw 2 of its levels.

You collected 123 gold pieces.

Inventory:

Hand Weapons
 j - a +0 club (weapon)
Missiles
 b - 55 stones (quivered)
Armour
 c - a +0 robe (worn)
 o - a +0 pair of boots (worn)
Scrolls
 a - 4 scrolls of identify {unknown}
 i - 3 scrolls of fog {unknown}
 k - a scroll of immolation {unknown}
 l - a scroll of remove curse {unknown}
 n - a scroll of enchant armour {unknown}
Potions
 f - a potion of magic {unknown}
 g - a potion of degeneration {unknown}
 m - 4 potions of lignification {unknown}
Books
 e - a book of Geomancy

   Spells                             Type                      Level
   a - Sandblast                      Earth                        1
   b - Passwall                       Transmutation/Earth          2
   c - Stone Arrow                    Conjuration/Earth            3
   d - Petrify                        Transmutation/Earth          4
   e - Lee's Rapid Deconstruction     Earth                        5
Comestibles
 d - a bread ration
 h - a meat ration


   Skills:
 - Level 1.5 Dodging
 - Level 2.1 Stealth
 + Level 2.5 Spellcasting
   Level 0.7 Transmutations
 + Level 4.3 Earth Magic


You had 5 spell levels left.
You knew the following spells:

 Your Spells              Type           Power        Failure   Level  Hunger
a - Sandblast             Erth           ##....       3%          1    #......


Dungeon Overview and Level Annotations

Branches:
Dungeon (2/15)

Altars:


Innate Abilities, Weirdness & Mutations

You are resistant to torment.
Your stone body is resilient. (AC +2)
You are immune to poison.
You resist negative energy. (rN+)
You are resistant to electric shocks. (rElec)
You can survive without breathing.
You are immune to petrification.
You are immune to rotting.


Message History

Aim: an orc, wielding a dagger and wearing a chain mail (moderately wounded)
The blast of sand hits the orc.
The orc is severely wounded.
b - 56 stones The orc closely misses you.
Casting: Sandblast
Confirm with . or Enter, or press ? or * to list all spells.
Aiming: Sandblast
Press: ? - help, Shift-Dir - straight line, f/p - orc
Aim: an orc, wielding a dagger and wearing a chain mail (severely wounded)
The blast of sand hits the orc.
You kill the orc!
b - 55 stones The orc hits you with a vampiric war axe.
* * * LOW HITPOINT WARNING * * *
There is a stone staircase leading up here.
Items here: ( ) [ † a dagger; a chain mail; 3 tomahawks; an orc corpse The orc hits you with a vampiric war axe.
You die...

####. #..# #.. #..
#.... .o# ##.# #..#
#.... ##.# ##..##....
#....##÷.# #....>..#
........## #......#
$....%)#####......#
.......##.......r###
####...........o...#
#..##....o..o@#.....
#..###........# ###
..... #........#
.......#........#####.
.......................
.########........#.....
# #..(.......####
#........### #######..#


You could see 3 orcs and a rat.

Vanquished Creatures
  A leopard gecko (D:2)
  An orc (D:2)
  3 bats
  2 goblins (D:1)
  4 hobgoblins
  2 frilled lizards
  4 kobolds
17 creatures vanquished.

Notes
Turn   | Place    | Note
-------+----------+-------------------------------------------
     0 | D:1      | kae the Gargoyle Earth Elementalist began the quest for the Orb.
     0 | D:1      | Reached XP level 1. HP: 10/10 MP: 3/3
   637 | D:1      | Reached skill level 4 in Earth Magic
   637 | D:1      | Reached XP level 2. HP: 13/15 MP: 5/5
  1528 | D:2      | Slain by an orc

Vault maps used:
D:1:      shiori_arrival_elements
D:2:      lemuel_doored_altar, old_standard_altar

Skill      XL: |  1 |
---------------+----+-----
Earth Magic    | 4 |  4.3
Dodging        | |  1.5
Stealth        | |  2.1
Spellcasting   | |  2.5
Transmutations | |  0.7

Action                   || total
-------------------------++-------
Melee: Unarmed           ||    34
       Club              ||    25
 Cast: Sandblast         ||    18
 Stab: Sleeping          ||     1
  Eat: Chunk             ||     1
Armor: Robe              ||    22
Dodge: Dodged            ||    52

Table legend:
 A = Spawn XP
 B = Non-spawn XP
 C = Spawn XP percentage of total XP
 D = Spawn monster count
 E = Non-spawn monster count
 F = Spawn count percentage of total count
 G = Total turns spent on level
                    A         B        C        D         E        F      G
               +---------+---------+-------+---------+---------+-------+---------
         Total |       0 |      30 |   0.0 |       0 |      17 |   0.0 |  1528
               +---------+---------+-------+---------+---------+-------+---------
           D:1 |       0 |      17 |   0.0 |       0 |      11 |   0.0 |  1456
           D:2 |       0 |      13 |   0.0 |       0 |       6 |   0.0 |    72
               +---------+---------+-------+---------+---------+-------+---------
